 Dungeon Crawl Stone Soup version 0.30.1-11-g7821555f0a (webtiles) character file.

Game seed: 12215390474486384681

135 lonewolfV2 the Covered (level 5, -1/43 HPs)
             Began as a Formicid Fighter on Nov 15, 2023.
             Slain by an orc priest
             ... wielding a +0 war axe
              (9 damage)
             ... on level 4 of the Dungeon.
             The game lasted 00:03:13 (2208 turns).

lonewolfV2 the Covered (Formicid Fighter)           Turns: 2208, Time: 00:03:13

Health: -1/43      AC:  7    Str: 27    XL:     5   Next: 41%
Magic:  5/5        EV:  9    Int:  7    God:
Gold:   133        SH:  5    Dex: 15    Spells: 4/4 levels left

rFire   . . .        a - +0 war axe
rCold   . . .        c - +0 buckler
rNeg    . . .        b - +0 scale mail
rPois   .            (helmet unavailable)
rElec   .            (no cloak)
rCorr   .            (no gloves)
SInv    +            (no boots)
Will    .....        (no amulet) Stlth
                     e - +6 ring of strength
HPRegen 0.27/turn    (no ring)
MPRegen 0.09/turn

%: no passive effects
@: mighty
A: permanent stasis, dig shafts and tunnels, antennae 3, four strong arms
a: Dig, Shaft Self


You were on level 4 of the Dungeon.
You visited 1 branch of the dungeon, and saw 4 of its levels.

You collected 133 gold pieces.

Inventory:

Hand Weapons
 a - a +0 war axe (weapon)
Armour
 b - a +0 scale mail (worn)
 c - a +0 buckler (worn)
Jewellery
 e - a +6 ring of strength (left hand)
Scrolls
 f - a scroll of identify
Potions
 d - a potion of might
 g - a potion of mutation
 h - a potion of attraction
 i - 2 potions of degeneration
 j - a potion of flight


   Skills:
 + Level 4.4 Fighting
 - Level 2.0 Axes
 * Level 5.5 Armour
 - Level 4.0 Shields


You had 4 spell levels left.
You didn't know any spells.
Your spell library contained the following spells:

 Spells                   Type           Power      Damage    Failure   Level
 Sandblast                Erth           0%         2d4       75%         1
 Passwall                 Tmut/Erth      0%         N/A       87%         2
 Static Discharge         Conj/Air       0%         2-2/arc   87%         2
 Stone Arrow              Conj/Erth      0%         3d7       98%         3
 Airstrike                Air            0%         2d(0-16)  100%        4
 Summon Lightning Spire   Summ/Air       0%         N/A       100%        4


Dungeon Overview and Level Annotations

Branches:
Dungeon (4/15)
 Temple: D:4-7

Altars:
Hepliaklqana
Vehumet

Annotations:
D:4 Blork the orc


Innate Abilities, Weirdness & Mutations

You cannot be hasted, slowed, berserked, paralysed or teleported.
You can dig through walls and to a lower floor.
You have a pair of large antennae on your head. (SInv)
Your four strong arms can wield two-handed weapons with a shield.


Message History

Blork the orc attacks as you move away!
Blork the orc hits you with a +0 dire flail!
An orc comes into view. It is wielding a +0 club.
Things that are here:
a +0 dagger; a goblin corpse You barely miss Blork the orc.
Blork the orc is heavily wounded.
The orc shouts!
You slash the orc wizard! Blork the orc barely misses you.
The orc wizard hits you with a +0 dagger. x2
Blork the orc barely misses you.
You miss the orc wizard.
The orc wizard is severely wounded.
You barely miss Blork the orc.
A kobold comes into view. It is wielding a +0 short sword.
The orc wizard hits you but does no damage.
Blork the orc casts a spell at you. The magic dart hits you.
* * * LOW HITPOINT WARNING * * *
You barely miss Blork the orc.
Blork the orc is heavily wounded.
You closely miss the orc priest. You barely miss the orc wizard.
The kobold shouts!
The orc priest hits you but does no damage.
Blork the orc hits you but does no damage.
The orc wizard barely misses you.
You barely miss the orc priest. You slash the orc wizard!
You kill the orc wizard!
You miss Blork the orc. Blork the orc barely misses you.
The orc priest calls upon Beogh to heal Blork the orc.
Blork the orc is healed somewhat.
Blork the orc hits you with a +0 dire flail.
* * * LOW HITPOINT WARNING * * *
The orc priest hits you but does no damage.
The orc hits you but does no damage.
You're too confused to move!
You feel less confused. You block the orc's attack.
The orc priest hits you with a +0 war axe!
You die...

..# ..... ... ....
..... #o..
......##... .
.....$#... .. .....
... ... .....##o#
... ......Ko## ..#
.....^oo@##..##
.......o......#
#.......##....... .
# ###.##..# .......
..#. ###<..#
#...$..
.....#####..#
.....#
#.....#..####.....#
##....#...#......##
##..............##


You could see Blork the orc, an orc priest, 3 orcs and a kobold.

Vanquished Creatures
  A sleepcap (D:3)
  An orc wizard (D:4)
  2 adders
  A worm (D:2)
  A dart slug (D:3)
  2 orcs (D:3)
  3 bats
  9 endoplasms
  7 giant cockroaches
  8 goblins
  3 hobgoblins
  5 ball pythons
  4 frilled lizards
  3 kobolds
  4 rats
54 creatures vanquished.

Notes
Turn   | Place    | Note
-------+----------+-------------------------------------------
     0 | D:1      | lonewolfV2 the Formicid Fighter began the quest for the
                  | Orb.
     0 | D:1      | Reached XP level 1. HP: 18/18 MP: 1/1
    87 | D:1      | Reached XP level 2. HP: 24/24 MP: 2/2
   304 | D:1      | Reached skill level 4 in Armour
   437 | D:1      | Reached XP level 3. HP: 25/30 MP: 3/3
   721 | D:2      | Reached XP level 4. HP: 16/37 MP: 4/4
   933 | D:2      | Found a faded altar of an unknown god.
  1346 | D:3      | Reached skill level 5 in Armour
  1545 | D:3      | Reached XP level 5. HP: 41/42 MP: 5/5
  1897 | D:3      | Found a hazy altar of Hepliaklqana.
  1909 | D:3      | Found a radiant altar of Vehumet.
  2191 | D:4      | Noticed Blork the orc
  2208 | D:4      | Slain by an orc priest

Illustrated notes

Levels and vault maps discovered:
D:1:      scummos_arrival_forest, layout_basic, chequers_avenue
D:2:      layout_loops_ring, shapermc_ecumenical_altar_acropolis,
          kennysheep_big_empty_room
D:3:      layout_basic, mainiacjoe_overflow_swirl
D:4:      layout_cave_pools, gammafunk_ghost_necromancy, minmay_manual_mares,
          uniq_blork_the_orc, uniq_robin, uniq_eustachio

Skill      XL: |  1  2  3  4 |
---------------+-------------+-----
Armour         | 4 5 |  5.5
Fighting       | 4 |  4.4
Axes           | |  2.0
Shields        | |  4.0

Action                     |  1- 3 |  4- 6 || total
---------------------------+-------+-------++-------
  Melee: War axe           |    67 |    56 ||   123
    Use: Scroll            |     3 |     4 ||     7
         Potion            |       |     1 ||     1
 Armour: Scale mail        |    41 |    28 ||    69
  Dodge: Dodged            |    51 |    40 ||    91
  Block: Buckler           |    22 |    16 ||    38
